Cogmind - Beta 14 @@@ ROGUE MODE // 2024.10.31 @ 00:20:21 Player: Xellophane Result: Destroyed by Y-45 Defender with Heavy Assault Rifle Performance ------------- Evolutions (1) 500 Regions Visited (2) 400 Robots Destroyed (22) 110 Value Destroyed (348) 348 Prototype IDs (3) 60 Alien Tech Used (0) 0 Bonus (0) 0 TOTAL SCORE: 1418 Bonus ------- None Cogmind --------- Core Integrity 0/400 Matter 267/300 Energy 100/100 System Corruption 0% Temperature Cool (9) Movement Core (200) Ox3 Location -9/Materials Parts ------- > --- POWER (1) -------- (None) > --- PROPULSION (3) --- (None) > --- UTILITY (3) ------ Medium Storage Unit Signal Interpreter Hacking Suite > --- WEAPON (2) ------- Hammer > --- INVENTORY (10) --- Hover Unit Heat Sink Large Storage Unit Small Matter Pod (50) Seismic Detector ECM Suite Light Armor Plating Small Laser Improved Light Cannon Peak State ------------ > --- POWER ------------ Light Ion Engine > --- PROPULSION ------- Light Treads Flight Unit Improved Flight Unit > --- UTILITY ---------- Medium Storage Unit Signal Interpreter ECM Suite > --- WEAPON ----------- Light EM Pulse Cannon Hammer > --- INVENTORY -------- Hover Unit Flight Unit Flight Unit Heat Sink Large Storage Unit Small Matter Pod Seismic Detector Light Armor Plating Hacking Suite [Rating: 13] Favorites ----------- Power Ion Engine Engine Ion Engine Propulsion Flight Unit Treads Light Treads Flight Unit Flight Unit Utility Medium Storage Unit Device ECM Suite Storage Medium Storage Unit Processor Signal Interpreter Hackware Hacking Suite Weapon Medium Laser Energy Gun Medium Laser Energy Cannon Light EM Pulse Cannon Ballistic Gun Light Assault Rifle Impact Weapon Hammer Build | -11 -10 -9 ------- Run | Yrd Mat Mat Slots Evolved 2 | . . 2 Power . | . . . Propulsion 1 | . . 1 Utility 1 | . . 1 Weapon . | . . . Parts Attached 32 | 9 13 10 Power 5 | 2 2 1 Engine 5 | 2 2 1 Core . | . . . Reactor . | . . . Propulsion 10 | 2 3 5 Treads 4 | 2 1 1 Leg . | . . . Wheel . | . . . Hover . | . . . Flight 6 | . 2 4 Utility 8 | 2 4 2 Device 3 | 1 1 1 Storage 3 | 1 2 . Processor 1 | . 1 . Hackware 1 | . . 1 Protection . | . . . Artifact . | . . . Weapon 9 | 3 4 2 Energy Gun 5 | 3 2 . Energy Cannon 1 | . . 1 Ballistic Gun 2 | . 1 1 Ballistic Cannon . | . . . Launcher . | . . . Special Weapon . | . . . Impact Weapon 1 | . 1 . Slashing Weapon . | . . . Piercing Weapon . | . . . Special Melee Weapon . | . . . Unidentified Prototypes 1 | . . 1 Parts Lost 20 | . 10 10 Power 4 | . 2 2 Propulsion 8 | . 2 6 Utility 1 | . 1 . Weapon 7 | . 5 2 Highest Loss Streak 6 | . 6 4 To Critical Strikes 1 | . . 1 Average Slot Usage (%) 80 | . 83 75 Engine 9 | . 11 7 Treads 8 | . 11 1 Flight 14 | . 12 16 Device 4 | . 3 5 Storage 14 | . 16 11 Processor 8 | . 7 11 Hackware 1 | . . 4 Energy Gun 7 | . 10 . Ballistic Gun 5 | . 5 4 Impact Weapon 5 | . 2 11 Peak Build Rating 13 | 7 8 13 Average Rating 7 | 6 6 9 On Entrance 4 | . 7 7 Naked Turns . | . . . Heaviest Build 21 | 15 18 21 Greatest Support 40 | 40 40 20 Greatest Overweight (x) 5 | 2 4 5 Average Overweight (x) . | . . 1 Largest Inventory Capacity 10 | 8 10 10 Average Capacity 9 | 7 9 10 Most Carried 10 | 5 10 10 Average Carried 7 | 1 7 8 Final Capacity 10 | 8 10 10 Final Carried 10 | 5 10 9 Class Distribution -------------------- 52% | Scavenger-Mutant 47% | Mutant Dominant Class ---------------- Scavenger-Mutant | -10/Materials Scavenger-Mutant | -9/Materials Resources | -11 -10 -9 ----------- Run | Yrd Mat Mat Matter Collected 467 | 303 75 89 Remotely . | . . . Salvage Created 602 | 222 238 142 Parts 41 | 17 18 6 Haulers Intercepted 1 | . 1 . Recyclers Shooed . | . . . Parts Field Recycled . | . . . Retrieved Matter . | . . . Parts Self-Destructed . | . . . Prevented . | . . . Kills | -11 -10 -9 ------- Run | Yrd Mat Mat Combat Hostiles Destroyed 12 | . 6 6 Melee 5 | . . 5 Guns 7 | . 6 1 Classes Destroyed 7 | 3 4 . Worker 2 | 2 . . Tunneler 5 | 5 . . Hauler 1 | . 1 . Recycler 1 | 1 . . Operator 1 | . 1 . Swarmer 6 | . 3 3 Grunt 6 | . 3 3 Best Kill Streak 6 | 6 2 4 Combat Bots Only 4 | . 2 4 Max Kills in Single Turn 1 | 1 1 1 Gunslinging . | . . . Exploded . | . . . Melee 1 | . . 1 Uniques/NPCs Destroyed . | . . . Combat | -11 -10 -9 -------- Run | Yrd Mat Mat Hostile Shots Fired 279 | . 150 129 Missed 80 | . 43 37 Damage Taken 2029 | . 1154 875 Core 611 | . 198 413 Absorbed by Shields . | . . . Core Remaining (%) 60 | 100 20 . Volleys Fired 75 | 16 45 14 Largest 2 | 2 2 1 Hottest 100 | 100 100 56 Shots Fired 123 | 32 77 14 Gun 121 | 32 77 12 Cannon 2 | . . 2 Launcher . | . . . Special . | . . . Kinetic 30 | . 18 12 Thermal 81 | 32 49 . Explosive . | . . . Electromagnetic 12 | . 10 2 Robot Hit Streak 6 | 5 6 2 Robot Miss Streak 4 | 3 4 4 Penetration Max . | . . . Secondary Targets . | . . . Shots Hit Robots 77 | 20 42 15 Core Hits 34 | 9 18 7 Critical Kills . | . . . Critical Parts Destroyed 1 | . . 1 Critical Strikes 2 | 1 . 1 Burn 1 | 1 . . Smash 1 | . . 1 Melee Attacks 9 | . . 9 Impact 9 | . . 9 Slashing . | . . . Piercing . | . . . Sneak Attacks . | . . . Combat Hostiles . | . . . Follow-up Attacks . | . . . Damage Inflicted 1020 | 287 471 262 Guns 823 | 287 471 65 Cannons 19 | . . 19 Explosions . | . . . Melee 178 | . . 178 Ramming . | . . . Kinetic 124 | . 59 65 Thermal 632 | 287 345 . Explosive . | . . . Electromagnetic 86 | . 67 19 Impact 178 | . . 178 Slashing . | . . . Piercing . | . . . Highest Corruption . | . . . Average Corruption . | . . . Corruption Purged . | . . . Corruption Blocked . | . . . Overload Shots . | . . . Overflow Damage 36 | . . 36 Projectiles . | . . . Explosions . | . . . Melee 36 | . . 36 Knockbacks . | . . . Impact . | . . . Kinetic . | . . . Secondary . | . . . Self-Inflicted Damage . | . . . Shots . | . . . Rammed . | . . . Targets Rammed . | . . . Kicked . | . . . Crushed . | . . . Highest Temperature 391 | 391 299 36 Average Temperature 117 | 148 103 19 Received Heat Transfer 660 | . 492 168 Effects 2 | . 2 . Interference 2 | . 2 . Siege Activations . | . . . Robots Corrupted . | . . . Combat Hostiles . | . . . Parts Fried 1 | . . 1 Impact Corruptions 1 | . . 1 Robots Melted . | . . . Combat Hostiles . | . . . Parts Melted 4 | 1 3 . Heat Transferred 1842 | 925 917 . Parts Sabotaged . | . . . Parts Stolen . | . . . Parts Stripped . | . . . Power Chain Reactions . | . . . Alert | -11 -10 -9 ------- Run | Yrd Mat Mat Peak Influence 245 | 40 245 90 Initial 26 | . 26 18 Average 87 | 21 122 55 Maximum Alert Level 1 | . 1 . Low Security (%) 80 | 100 63 100 Level 1 19 | . 36 . Level 2 . | . . . Level 3 . | . . . Level 4 . | . . . Level 5 . | . . . High Security . | . . . Max Security . | . . . Squads Dispatched 7 | . 2 5 Investigation 2 | . . 2 Extermination . | . . . Reinforcement 5 | . 2 3 Assault . | . . . Garrison . | . . . Intercept . | . . . Searches Triggered . | . . . Construction Impeded . | . . . Haulers Reinforced . | . . . Active Scanning Responses . | . . . Cargo Convoy Interrupts . | . . . Stealth | -11 -10 -9 --------- Run | Yrd Mat Mat Distress Signals 2 | . 1 1 Communications Jammed . | . . . Distress Signals . | . . . Times Spotted 38 | . 20 18 Peak Tracking Total 7 | . 7 7 Tactical Retreats 8 | . 5 3 Traps | -11 -10 -9 ------- Run | Yrd Mat Mat Traps Triggered 1 | . . 1 Indirectly . | . . . Trap Hack Attempts . | . . . Triggered . | . . . Disarmed . | . . . Reprogrammed . | . . . Reused . | . . . Traps Extracted . | . . . Installed . | . . . Triggered . | . . . Machines | -11 -10 -9 ---------- Run | Yrd Mat Mat Machines Disabled 1 | . 1 . Max in Single Turn 1 | . 1 . Machines Repaired . | . . . Machines Dismantled . | . . . Machines Sabotaged . | . . . Overloaded Fab Kills . | . . . Hacking | -11 -10 -9 --------- Run | Yrd Mat Mat Machines Accessed 3 | . 1 2 Terminals 2 | . 1 1 Fabricators . | . . . Repair Stations . | . . . Recycling Units 1 | . . 1 Scanalyzers . | . . . Garrison Access . | . . . Total Hacks 9 | . 1 8 Successful 5 | . 1 4 Failed 4 | . . 4 Catastrophic 1 | . . 1 Database Lockouts . | . . . Manual . | . . . Terminals 5 | . 1 4 Fabricators . | . . . Repair Stations . | . . . Recycling Units 4 | . . 4 Scanalyzers . | . . . Garrison Access . | . . . Terminal Hacks 3 | . 1 2 Prototype ID Bank 1 | . . 1 Registered Components 2 | . 1 1 Fabricator Hacks . | . . . Repair Station Hacks . | . . . Recycling Unit Hacks 2 | . . 2 Report Inventory 1 | . . 1 Retrieve Components 1 | . . 1 Scanalyzer . | . . . Garrison Access Hacks . | . . . Unauthorized Hacks . | . . . Terminals . | . . . Fabricators . | . . . Repair Stations . | . . . Recycling Units . | . . . Scanalyzers . | . . . Garrison Access . | . . . Data Cores Recovered . | . . . Used . | . . . Hacking Detections 2 | . . 2 Full Trace Events 1 | . . 1 Feedback Events . | . . . Feedback Blocked . | . . . Robot Schematics Acquired . | . . . Robots Built . | . . . Authchips . | . . . Time . | . . . Total Robot Build Rating . | . . . Part Schematics Acquired . | . . . Parts Built . | . . . Authchips . | . . . Time . | . . . Total Part Build Rating . | . . . Parts Repaired . | . . . Time . | . . . Parts Recycled . | . . . Recycled Matter . | . . . Retrieved Matter . | . . . Retrieved Components 3 | . . 3 Parts Scanalyzed . | . . . Part Schematics Acquired . | . . . Parts Damaged . | . . . Bothacking | -11 -10 -9 ------------ Run | Yrd Mat Mat Used RIF Installer . | . . . Robots Hacked . | . . . Non-combat . | . . . Combat . | . . . Robot Hacks Applied . | . . . Relay Couplers Released . | . . . Fabnet Peak Effective % . | . . . Robots Rewired . | . . . Allies Hacked . | . . . Hacks Repelled . | . . . Allies | -11 -10 -9 -------- Run | Yrd Mat Mat Total Allies . | . . . Largest Group . | . . . Highest-Rated Group . | . . . Highest-Rated Ally . | . . . Total Orders . | . . . Ally Attacks . | . . . Total Damage . | . . . Kills . | . . . Allies Corrupted . | . . . Allies Melted . | . . . Intel | -11 -10 -9 ------- Run | Yrd Mat Mat Robot Analysis Total . | . . . Derelict Logs Recovered . | . . . Drone Launches . | . . . Drone Recoveries . | . . . Exploration | -11 -10 -9 ------------- Run | Yrd Mat Mat Turns Passed 1167 | 174 647 346 Spaces Moved 537 | 74 317 146 Core 57 | 14 17 26 Treads 325 | 60 244 21 Legs . | . . . Wheels . | . . . Hover . | . . . Flight 155 | . 56 99 Fastest Speed 50 | 50 117 110 Average Speed 164 | 147 156 190 Slowest Speed 360 | 160 250 360 Overloaded Moves . | . . . Propulsion Burnouts . | . . . Robots Hopped . | . . . Cave-ins Triggered . | . . . Exploration Rate (%) 25 | 4 56 16 Regions Visited 2 Branch Regions . Pre-discovered Areas . | . . . Known Exits Taken 1 | . 1 . Unknown Exits Taken 1 | 1 . . Scrap Searched . | . . . Spaces Dug . | . . . Terrain Destroyed . | . . . Melee . | . . . Projectile . | . . . AOE . | . . . Terrain Rammed . | . . . Walls Destroyed . | . . . Machines Disabled . | . . . Actions | -11 -10 -9 --------- Run | Yrd Mat Mat Total 677 | 103 391 183 Wait 6 | . 5 1 Move 535 | 73 316 146 Hop . | . . . Pick Up 19 | 5 11 3 Fast Attach 14 | 7 3 4 Attach 10 | . 6 4 Detach . | . . . Swap 8 | 2 4 2 Drop 1 | . 1 . Fire 75 | 16 45 14 Melee 9 | . . 9 Ram . | . . . Kick . | . . . Crush . | . . . Escape Stasis . | . . . Rewire . | . . . Trap . | . . . Miscellaneous . | . . . Route ------- -11/Scrapyard -10/Materials (discovered 2 exits: *Mat / *Min) -9/Materials History --------- Turn | Location | Event 6 | -11/Scrapyard | Discovered new exit (range 15) 175 | -11/Scrapyard | Entered Materials 300 | -10/Materials | Lost 6 parts (1p2n1u2w) 310 | -10/Materials | Build established: Mutant 539 | -10/Materials | Discovered new exit (range 16) 569 | -10/Materials | Identified exit to Mines 624 | -10/Materials | Core integrity fell below 50% 648 | -10/Materials | Lost 3 parts (1p2w) 766 | -10/Materials | Discovered new exit (range 16) 788 | -10/Materials | Identified exit to Materials 822 | -10/Materials | Entered another Materials area 822 | -9/Materials | Evolved 2 slots: Propulsion x1, Utility x1 953 | -9/Materials | Lost 4 parts (1p2n1w) 973 | -9/Materials | Core integrity fell below 50% 1157 | -9/Materials | Core integrity fell below 20% 1168 | -9/Materials | Destroyed by Y-45 Defender with Heavy Assault Rifle Last Messages --------------- 8KCYLAIMUV: Com. Wheel 51JJ2E93ZG: Med. Matter Pod E6ESVUSU3N: Grenade Launcher 1HHKGZL1ON: Lrg. Matter Pod Downloaded coordinate data. 01084_ O-16 Technician: "IFF HANDSHAKE FAILED. SECURING TERMINAL." 01087_ O-16 Technician uses terminal to summon reinforcements. 01087_ ALERT: Hostiles spotted, dispatching reinforcements to Terminal M001. 01087_ O-16 Technician locks terminal. 01104_ Destroyed Datajack. 01129_ O-16 Technician sends out distress signal. 01136_ Flight Unit destroyed. 01146_ ALERT: Hostiles spotted, dispatching reinforcements to Terminal M004. 01147_ Ion Engine destroyed. 01151_ S-10 Pest destroyed. 01157_ K-01 Serf cleans the Processing Tank. 01158_ Lgt. Assault Rifle destroyed. 01159_ S-10 Pest destroyed. Map ----- +----------------------------------------------------+ | ???????????????# #????????????????????? | | ???????????????# #????????????????????? | | ???????????????# #????????????????????? | | ??????????????## ##???????????????????? | | ??????????????# ###+####????????????? | | ??????????????# #????????????? | | ??????????????+ #????????????? | | ??????????????# """ #????????????? | | ??????????????# "T" #????????????? | | ??????????????# #????????????? | | ??????????????# #????????????? | | ??????????????# ^ + ?????????? | | ??????????????# """"" # ?????????? | | ??????????????# """"" #????????????? | | ??????????????# """"" #????????????? | | ??????????????# ^ #????????????? | | ??????????????# #????????????? | | ??????????????# """"" #????????????? | | ??????????????# """"" #????????????? | | ??????????????# """"" ####?????????? | | ??????????????# +???????? | | ??????????????# g #????????????? | | ??????????????# """"" #????????????? | | ??????????????# % """"" #????????????? | | ??????????????# ==% """"" #????????????? | | ??????????????#s@%*^ #????????????? | | ??????????????# = ^ Y #????????????? | | ??????????????# """"" #??]?????????? | | ??????????????# """"" #????????????? | | ??????????????# """"" ?#????????????? | | ??????????????# ???????????????? | | ??????????????# ???????????????? | | ??????????????# ???????????????? | | ?????????????? ??????????????? | | ?????????????? ??????????????? | | ?????????????? o ??????????????? | | ?????????????##########/###?????????????? | | ???????????????????????t ???????????????? | | ????????????????????????????????????????? | | ????????????????????????????????????????? | | ????????????????????????????????????????? | | ????????????????????????????????????????? | | ????????????????????????????????????????? | | ????????????????????????????????????????? | | ????????????????????????????????????????? | | ????????????????????????????????????????? | | ????????????????????????????????????????? | | ????????????????????????????????????????? | | ????????????????????????????????????????? | | ????????????????????????????????????????? | +----------------------------------------------------+ Best States ------------- Heat Dissipation 35 Energy Generation 10 Energy Capacity 250 Matter Stores 323 Matter Capacity 350 Sight Range 16 Terrain Scan Density 10 ECM Strength 1 Evasion (%) 50 Recoil Reduction 2 Offensive Hacking 10 Item Schematics ----------------- None Robot Schematics ------------------ None Fabricated ------------ Nothing Alien Tech Used ----------------- None Achievements -------------- None Challenges ------------ None Game ------ Seed SchematicMasterScanner Manual? 0 Play Time 00:20:44 Cumulative 2.6 hours Start 2024.10.31 @ 00:02:28 End 2024.10.31 @ 00:20:21 Sessions 1 Manual Loads 0 Difficulty Rogue Special Mode None Game No. 5 Rogue 5 Adventurer 0 Explorer 0 Win Type - Total 0 Types 0/0/0/0/0/0/0/0/0 Lore% 0 Gallery% 5 Achievement% 6 Wizard Run 0 Options --------- Layout 0 ASCII 0 Keyboard 1 Movement Numpad Keybinds 0 Fullscreen 2 Font 18/SmallcapsGlow Map View 76x50 Zoom Use 0% Tactical HUD 1 Map Filters NONE Filters NONE Steam 1 RUN: e32da340-6fea-4e9f-a8ef-c67dd6ac1942